 Dungeon Crawl Stone Soup version 0.28-a0-199-g298df9dbad (webtiles) character file.

Game seed: 15423773241723293209

396 rabbitsville the Sneak (level 6, -9/44 HPs)
             Began as a Merfolk Brigand on Aug 19, 2021.
             Killed by divine providence
             ... invoked by an orc priest
              (14 damage)
             ... on level 4 of the Dungeon.
             The game lasted 00:26:00 (4242 turns).

rabbitsville the Sneak (Merfolk Brigand)            Turns: 4242, Time: 00:26:00

Health: -9/44      AC:  4    Str: 12    XL:     6   Next: 82%
Magic:  6/6        EV: 18    Int: 10    God:
Gold:   227        SH:  0    Dex: 17    Spells: 5/5 levels left

rFire   . . .      SeeInvis .   a - +2 dagger
rCold   . . .      Faith    .   (no shield)
rNeg    . . .      Spirit   .   b - +0 robe
rPois   .          Reflect  .   (no helmet)
rElec   .          Harm     .   c - +0 cloak
rCorr   .          Rampage  .   (no gloves)
Will    .....                   k - +0 pair of boots
Stlth   +++.......              (no amulet)
HPRegen 0.14/turn               f - +4 ring of evasion
MPRegen 0.10/turn               (no ring)

@: hasted, very quick
A: (nimble swimmer 2), mertail
a: no special abilities


You were on level 4 of the Dungeon.
You visited 1 branch of the dungeon, and saw 4 of its levels.

You collected 227 gold pieces.

Inventory:

Hand Weapons
 a - a +2 dagger (weapon)
Missiles
 d - 40 poisoned darts (quivered)
 e - a curare-tipped dart
Armour
 b - a +0 robe (worn)
 c - a +0 cloak (worn)
 k - a +0 pair of boots (worn)
Jewellery
 f - a +4 ring of evasion (left hand)
Scrolls
 g - a scroll of magic mapping {unknown}
 h - a scroll of holy word {unknown}
 m - a scroll of noise {unknown}
 n - a scroll of identify
 r - a scroll of acquirement {unknown}
 s - a scroll of enchant weapon {unknown}
Potions
 i - a potion of mutation {unknown}
 j - a potion of brilliance
 l - a potion of haste
 o - a potion of curing {unknown}
 p - a potion of might {unknown}
 q - a potion of berserk rage {unknown}


   Skills:
 - Level 2.1 Fighting
 + Level 5.2 Short Blades
 - Level 2.0 Throwing
 + Level 5.2 Dodging
 + Level 6.4 Stealth


You had 5 spell levels left.
You didn't know any spells.
Your spell library contained the following spells:

 Spells                   Type           Power      Damage    Failure   Level
 Airstrike                Air            0%         N/A       98%         4
 Summon Lightning Spire   Summ/Air       0%         N/A       98%         4
 Lightning Bolt           Conj/Air       0%         1d11      100%        5


Dungeon Overview and Level Annotations

Branches:
Dungeon (4/15)
 Temple: D:4-7

Altars:

Shops:
D:1 ?

Annotations:
D:4 Blork the orc, Eustachio, Grinder


Innate Abilities, Weirdness & Mutations

((You are quick and stealthy near water. (Stealth+, EV+, Speed+++)))
Your lower body shifts to a powerful aquatic tail in water.


Message History

The orc priest is lightly wounded.
You hit the orc priest but do no damage.
The orc priest is lightly wounded.
The orc priest completely misses you.
You hit the orc priest but do no damage.
The orc priest is lightly wounded.
The orc priest barely misses you.
You hit the orc priest but do no damage.
The orc priest is lightly wounded.
The orc priest barely misses you.
You hit the orc priest.
The orc priest is lightly wounded.
You completely miss the orc priest.
The orc priest is lightly wounded.
The orc priest invokes the aid of Beogh against you.
Pain shoots through your body!
You closely miss the orc priest.
The orc priest is lightly wounded.
The orc priest calls down the wrath of Beogh upon you.
Beogh smites you!
You hit the orc priest but do no damage.
The orc priest is lightly wounded.
You hit the orc priest but do no damage.
The orc priest is lightly wounded.
The orc priest calls down the wrath of Beogh upon you.
You barely resist. You barely miss the orc priest.
The orc priest is lightly wounded.
The orc priest barely misses you.
You hit the orc priest but do no damage.
The orc priest is lightly wounded.
The orc priest mumbles some strange prayers to Beogh against you.
Beogh smites you!
* * * LOW HITPOINT WARNING * * *
Okay, then.
It was a potion of haste.
You feel yourself speed up.
The orc priest looks braver for a moment.
The orc priest calls down the wrath of Beogh upon you.
Beogh smites you!
You die...

#.#......# ### #...######
.... ###.## #### #..# ##
##.# #. #.# #. #.# #
#.##########.### .#
#(.(.)o..@.....# ##.####
#..#########.#.###.......
#..# #...<.....# #.o#
###.##.##### #..#
#.##†....# #..#
..##.###.#### #oo#
##.##.#....... #..#
####.##.#.#.####
............#


You could see an orc priest.

Vanquished Creatures
  A necrophage (D:4)
  A scorpion (D:4)
  A water moccasin skeleton (D:4)
  Terence (D:2)
  9 adders
  An adder skeleton (D:4)
  2 worms
  2 dart slugs
  3 orcs
  5 ball pythons
  7 bats
  8 endoplasms
  7 giant cockroaches
  5 goblins
  6 hobgoblins
  13 kobolds
  3 quokkas (D:3)
  3 frilled lizards (D:2)
  6 rats
  A spectral goblin (D:1)
85 creatures vanquished.

Notes
Turn   | Place    | Note
-------+----------+-------------------------------------------
     0 | D:1      | rabbitsville the Merfolk Brigand began the quest for the
                  | Orb.
     0 | D:1      | Reached XP level 1. HP: 16/16 MP: 1/1
     0 | D:1      | Found Kisiefa's Magic Scroll Emporium.
   238 | D:1      | Reached XP level 2. HP: 13/22 MP: 2/2
   609 | D:1      | Found a faded altar of an unknown god.
   827 | D:1      | Reached XP level 3. HP: 27/27 MP: 3/3
  1280 | D:2      | You fall into a shaft and drop 2 floors!
  1283 | D:4      | Noticed Grinder
  1468 | D:4      | Noticed a necrophage
  1522 | D:4      | Killed a necrophage
  1523 | D:4      | Reached skill level 5 in Stealth
  1523 | D:4      | Reached XP level 4. HP: 21/33 MP: 4/4
  1523 | D:4      | Reached XP level 5. HP: 25/38 MP: 5/5
  1871 | D:4      | Reached XP level 6. HP: 44/44 MP: 6/6
  1897 | D:4      | Reached skill level 6 in Stealth
  2106 | D:4      | Noticed Blork the orc
  2156 | D:4      | Noticed Eustachio
  2756 | D:2      | Noticed Terence
  2913 | D:2      | Killed Terence
  3156 | D:2      | Reached skill level 5 in Short Blades
  3483 | D:3      | Reached skill level 5 in Dodging
  4242 | D:4      | Killed from afar by an orc priest

Illustrated notes

Levels and vault maps discovered:
D:1:      dpeg_arrival_tiny_a, layout_basic, serial_shops,
          nicolae_shop_waterfront, dreamdust_ecumenical_altar_drowned_temple,
          minmay_misc_feat_rugged
D:2:      layout_basic, uniq_terence
D:3:      layout_rooms
D:4:      layout_loops_ring, uniq_eustachio, uniq_grinder, uniq_blork_the_orc

Skill      XL: |  1  2  3  4  5  6 |
---------------+-------------------+-----
Dodging        | 2 3 4 5 |  5.2
Short Blades   | 3 4 5 |  5.2
Stealth        | 5 6 |  6.4
Fighting       | |  2.1
Throwing       | |  2.0

Action                   |  1- 3 |  4- 6 || total
-------------------------+-------+-------++-------
Melee: Dagger            |   102 |   240 ||   342
Throw: Dart              |    11 |    27 ||    38
       Boomerang         |     3 |       ||     3
  Use: Scroll            |       |     3 ||     3
       Potion            |       |     1 ||     1
 Stab: Sleeping          |     8 |    17 ||    25
Armor: Robe              |    11 |    31 ||    42
Dodge: Dodged            |    44 |   144 ||   188

Table legend: (Time is in decaauts)
 A = Elapsed time spent in this place.
 B = Non-inter-level travel time spent in this place.
 C = Inter-level travel time spent in this place.
 D = Time resting spent in this place.
 E = Time spent auto-exploring this place.
 F = Levels seen in this place.
 G = Mean time per level.
                   A        B        C        D        E       F      G
               +--------+--------+--------+--------+--------+-----+--------+
         Total |   4149 |   4027 |    122 |   1206 |    489 |   4 | 1037.2 |
       Dungeon |   4149 |   4027 |    122 |   1206 |    489 |   4 | 1037.2 |
               +--------+--------+--------+--------+--------+-----+--------+

Top non-repeatable levels by time:
     D:4: 1453 daAuts
     D:1: 1161 daAuts
     D:2: 903 daAuts
     D:3: 631 daAuts
